 Dungeon Crawl Stone Soup version 0.30.1-11-g7821555f0a (webtiles) character file.

Game seed: 7653183176199516254

900 hawla the Charlatan (level 8, 0/79 (85) HPs)
             Began as a Meteoran Fire Elementalist on Oct 30, 2023.
             Slain by an ogre
             ... wielding a +0 giant club
              (22 damage)
             ... on level 6 of the Dungeon on Nov 2, 2023.
             The game lasted 00:13:51 (2175 turns).

hawla the Charlatan (Meteoran Fire Elementalist)    Turns: 2175, Time: 00:13:52

HP:   0/79 (85)     AC: 24    Str:  9    XL:     8   Next: 53%
MP:   0/14          EV:  2    Int: 19    God:
Gold: 97            SH:  0    Dex: 17    Spells: 7/14 levels left

rFire   . . .        n - +0 quarterstaff
rCold   . . .        (shield currently unavailable)
rNeg    . . .        a - melded +1 robe
rPois   +            u - melded +0 helmet
rElec   .            p - melded +0 cloak
rCorr   .            (gloves currently unavailable)
SInv    .            (boots currently unavailable)
Will    +....        (no amulet)
Stlth   +            (no ring)
HPRegen 0.33/turn    (no ring)
MPRegen 0.14/turn

%: no passive effects
@: tree-form (expiring), attractive, glowing, drained
A: stationary, stasis, torment immunity, boosted hp, sense surroundings 1,
otherworldly, glowing, explore regen, thin skeletal structure 1, (cold
vulnerability 1)
a: no special abilities


You were on level 6 of the Dungeon.
You were a tree.
You visited 2 branches of the dungeon, and saw 7 of its levels.
You also visited: Ossuary.

You collected 97 gold pieces.

Inventory:

Hand Weapons
 n - a +0 quarterstaff (weapon)
 v - a +5 falchion
Armour
 a - a +1 robe (melded)
 p - a +0 cloak (melded)
 u - a +0 helmet (melded)
Magical Staves
 t - a staff of poison
Wands
 c - a wand of acid (7)
 o - a wand of digging (3)
Scrolls
 d - a scroll of poison
 e - a scroll of amnesia {unknown}
 g - 3 scrolls of immolation
 i - 4 scrolls of fog {unknown}
 m - a scroll of vulnerability {unknown}
 q - a scroll of teleportation
 r - 3 scrolls of identify
 s - a scroll of enchant weapon {unknown}
Potions
 b - a potion of haste
 f - 3 potions of curing
 j - 2 potions of might
 k - 2 potions of cancellation
 l - a potion of lignification


   Skills:
 - Level 2.7 Dodging
 - Level 1.4 Stealth
 - Level 3.7 Spellcasting
 - Level 4.7 Conjurations
 - Level 4.9 Fire Magic
 - Level 3.0 Poison Magic
 + Level 7.5 Evocations


You had 7 spell levels left.
You knew the following spells:

 Your Spells              Type           Power      Damage    Failure   Level
a - Foxfire               Conj/Fire      88%        2x1d8     1%          1
b - Scorch                Fire           44%        2d6       2%          2
c - Flame Wave            Conj/Fire      22%        2d8       19%         4

Your spell library contained the following spells:

 Spells                   Type           Power      Damage    Failure   Level
 Inner Flame              Hex/Fire       13%        N/A       16%         3
 Volatile Blastmotes      Fire/Tloc      26%        2d12      16%         3
 Ensorcelled Hibernation  Hex/Ice        6%         N/A       22%         2
 Spider Form              Tmut/Pois      9%         N/A       22%         3
 Anguish                  Hex/Necr       1%         N/A       80%         4


Dungeon Overview and Level Annotations

Branches:
Dungeon (6/15) Zot: 1670   Temple (1/1) D:4 Zot: 554 Ossuary (visited)

Altars:
Ashenzari
Cheibriados
Dithmenos
Elyvilon
Gozag
Okawaru
Uskayaw
Wu Jian
Xom
Yredelemnul
Zin


Innate Abilities, Weirdness & Mutations

You are a tree.
Your roots penetrate the ground, keeping you stationary.
You cannot be teleported.
You are immune to unholy pain and torment.
Your maximum health is greatly increased.
Your equipment is partially melded.
You passively map a small area around you.
You are easily found by Zot.
You glow in the dark.
You regain HP and MP as you explore.
You have a somewhat thin skeletal structure. (Dex +2, Stealth+)
((You are vulnerable to cold. (rC-)))


Message History

The wight hits you but does no damage.
Casting: Foxfire (safe; 1% risk of failure)
Confirm with . or Enter, or press ? or * to list all spells.
You conjure some foxfire!
The wight hits you but does no damage.
n - a +0 quarterstaff (weapon)
The foxfire hits the wight but does no damage.
The wight is moderately damaged.
The foxfire hits the wight.
The wight is heavily damaged.
The wight hits you with a +4 halberd!
You hit the wight but do no damage.
The wight is heavily damaged.
The wight hits you but does no damage.
You barely miss the wight.
The wight is heavily damaged.
The wight hits you but does no damage. x2; Something unseen opens the door.
You closely miss the wight.
The wight is heavily damaged.
The wight hits you but does no damage.
An ogre comes into view. It is wielding a +0 giant club.
The ogre is attracted toward you.
Casting: Foxfire (safe; 1% risk of failure)
Confirm with . or Enter, or press ? or * to list all spells.
You conjure some foxfire!
The ogre shouts!
The wight hits you with a +4 halberd!
It was a potion of curing.
You feel better.
The foxfire hits the wight.
The wight is severely damaged.
The foxfire hits the ogre but does no damage.
The wight hits you but does no damage. The ogre hits you with a +0 giant club!
Unknown command.
You hit the wight.
The wight is almost destroyed.
Your transformation is almost over.
The wight hits you with a +4 halberd.
* * * LOW HITPOINT WARNING * * *
You feel drained.
* * * LOW HITPOINT WARNING * * *
The ogre hits you with a +0 giant club!!
You die...

, , #....# *
#....# , #....#
.', #....#####'##
####...........#
..............<#
,
.......$.......#
*
......z♣O<.....#,
........[......#
....#######....#
..., *....# , *
., ,, ...+, ,* ,
* *' ...# * ,* ,
...., , , .... ,
* , ,,


You could see an ogre and a wight.

Vanquished Creatures
  A water moccasin (D:5)
  2 black bears
  2 phantoms (D:5)
  3 scorpions
  2 wights (D:6)
  A hound (D:5)
  A human zombie (Ossuary)
  An iguana (D:5)
  4 mummies (Ossuary)
  2 adders (D:5)
  A worm (D:5)
  A dart slug (D:4)
  4 orcs (D:5)
  A bat (D:2)
  4 endoplasms
  A gnoll zombie (Ossuary)
  4 goblins
  A hobgoblin (D:2)
  A kobold (D:2)
  3 ball pythons
  3 goblin zombies (Ossuary)
  A kobold zombie (Ossuary)
  2 orc zombies (Ossuary)
  2 rats (D:2)
48 creatures vanquished.

Vanquished Creatures (others)
  90 foxfires
90 creatures vanquished.

Grand Total: 138 creatures vanquished

Notes
Turn   | Place    | Note
-------+----------+-------------------------------------------
     0 | D:1      | hawla the Meteoran Fire Elementalist began the quest for
                  | the Orb.
     0 | D:1      | Reached XP level 1. HP: 14/14 MP: 5/5
    65 | D:2      | Reached XP level 2. HP: 20/20 MP: 3/6
    68 | D:2      | Learned a level 2 spell: Scorch
   265 | D:4      | Found a staircase to the Ecumenical Temple.
   274 | Temple   | Entered the Ecumenical Temple
   274 | Temple   | Found a transporter.
   274 | Temple   | Found a transporter.
   277 | Temple   | Found a transporter.
   277 | Temple   | Found a transporter.
   331 | D:4      | Reached XP level 3. HP: 23/26 MP: 4/8
   336 | D:4      | Found a sand-covered staircase.
   344 | Ossuary  | Entered an ossuary
   395 | Ossuary  | Reached XP level 4. HP: 21/33 MP: 2/10
   420 | Ossuary  | Learned a level 4 spell: Flame Wave
   499 | Ossuary  | Reached XP level 5. HP: 37/38 MP: 1/11
   532 | Ossuary  | Gained mutation: You are vulnerable to cold. (rC-) [potion
                  | of mutation]
   532 | Ossuary  | Gained mutation: You have a somewhat thin skeletal
                  | structure. (Dex +2, Stealth+) [potion of mutation]
   686 | D:4      | Found a white marble altar of Elyvilon.
   736 | D:4      | Noticed a black bear
   741 | D:4      | Killed a black bear
   742 | D:4      | Reached XP level 6. HP: 45/45 MP: 4/12
  1273 | D:4      | Reached skill level 2 in Evocations
  1369 | D:5      | Entered Level 5 of the Dungeon
  1469 | D:5      | Noticed a black bear
  1473 | D:5      | Killed a black bear
  1474 | D:5      | Reached skill level 1 in Poison Magic
  1474 | D:5      | Reached skill level 3 in Evocations
  1474 | D:5      | Reached XP level 7. HP: 37/50 MP: 5/13
  1525 | D:5      | Noticed a water moccasin
  1531 | D:5      | Killed a water moccasin
  1532 | D:5      | Reached skill level 4 in Evocations
  1633 | D:5      | Found a shadowy altar of Dithmenos.
  1641 | D:5      | Reached skill level 5 in Evocations
  1651 | D:5      | Reached XP level 8. HP: 57/57 MP: 5/14
  1726 | D:5      | Reached skill level 6 in Evocations
  2150 | D:6      | Reached skill level 7 in Evocations
  2175 | D:6      | Slain by an ogre

Illustrated notes

Levels and vault maps discovered:
D:1:      heliophobic_arrival_enchanted_forest, layout_loops_ring,
          minmay_misc_feat_hallway, kennysheep_small_spiral,
          grunt_decor_mini_mirrors
D:2:      layout_basic
D:3:      layout_loops_ring, mainiacjoe_overflow_chevrons,
          amcnicky_mini_rare_corridor_liquid, serial_park_tiny_2
D:4:      layout_basic, elyvilon_altar_5, temple_statues,
          lightli_ossuary_entry_decrepit_ruins, eino_tiny_chamber,
          kennysheep_generic_room_13
D:5:      layout_loops_ring, nicolae_dithmenos_shadow_blocks
D:6:      layout_gridville, nicolae_kikubaaqudgha_miasma_corner,
          nicolae_ru_sacrificial_ziggurat, old_standard_altar,
          wad_floor_pattern_untrapped, uniq_sigmund
Temple:   hellmonk_temple_divided_pantheon

Skill      XL: |  1  2  3  4  5  6  7  8 |
---------------+-------------------------+-----
Fire Magic     | 4 |  4.9
Spellcasting   | 3 |  3.7
Conjurations   | 3 4 |  4.7
Evocations     | 3 5 7 |  7.5
Poison Magic   | 1 3 |  3.0
Dodging        | |  2.7
Stealth        | |  1.4

Action                     |  1- 3 |  4- 6 |  7- 9 || total
---------------------------+-------+-------+-------++-------
  Melee: Unarmed           |     3 |    11 |       ||    14
         Staff             |       |       |    20 ||    20
         Quarterstaff      |       |       |     4 ||     4
         Punch             |       |       |     1 ||     1
   Cast: Foxfire           |    22 |    19 |    15 ||    56
         Scorch            |    11 |    16 |    24 ||    51
         Flame Wave        |       |       |     2 ||     2
    Use: Scroll            |     3 |     6 |       ||     9
         Potion            |     1 |     1 |     3 ||     5
 Armour: Robe              |     1 |     4 |     9 ||    14
         Skin              |       |       |     8 ||     8
  Dodge: Dodged            |     5 |     8 |    18 ||    31
